Map: Darkness Sanctuary LE

Players

Avoš

  • Race: Protoss Protoss
  • League: Silver
  • Spawn Location: 1:00

GrandPanther - Winner!

  • Race: Protoss Protoss
  • League: Diamond
  • Spawn Location: 7:00

VOD

Have the link to the VOD?

Description

Time

  • Played on: Aug. 3, 2018, 4:43 p.m.
  • Length: 6:44
Show
View Real Time Build Order
Export as new Build Order

Avoš Protoss 

Build Orders:  

Get SALT Encoding   

  12  0:01  Probe  
  13  0:09  Probe  
  14  0:23  Probe  
  14  0:27  Pylon  
  15  0:30  Assimilator  
  15  0:45  Probe  
  15  0:49  Gateway  
  16  0:57  Probe, Assimilator  
  17  1:09  Probe  
  18  1:16  Pylon  
  18  1:21  Probe  
  19  1:33  Probe  
  19  1:38  Gateway  
  20  1:45  Probe, Cybernetics Core  
  21  1:57  Probe  
  22  2:10  Probe  
  23  2:22  Probe  
  24  2:24  Warp Gate  
  24  2:27  Sentry, Stalker  
  28  2:38  Nexus  
  28  2:40  Probe  
  29  2:52  Pylon  
  29  2:55  Probe  
  30  3:10  Stalker x2  
  34  3:14  Probe  
  35  3:24  Pylon  
  35  3:26  Probe  
  36  3:37  Twilight Council  
  36  3:38  Probe  
  37  3:43  Stalker  
  40  3:55  Probe  
  40  3:56  Probe  
  41  4:06  Forge  
  41  4:07  Probe  
  41  4:08  Probe  
  43  4:13  Assimilator  
  43  4:17  Assimilator  
  43  4:19  Probe  
  43  4:20  Probe  
  45  4:25  Blink  
  45  4:38  Shield Battery  
  45  4:44  Shield Battery  
  45  4:46  Probe x2  
  45  4:51  Stalker  
  45  4:52  Stalker  
  51  4:58  Probe x2  
  53  5:14  Probe x2  
  53  5:19  Pylon  
  55  5:24  Photon Cannon  
  55  5:26  Photon Cannon, Probe  
  55  5:27  Probe  
  57  5:31  Photon Cannon  
  57  5:38  Probe  
  57  5:39  Probe  
  59  5:43  Stalker x2  
  63  6:07  Stalker  
  63  6:10  Stalker  
  63  6:11  Nexus  
  67  6:20  Probe x2  
Show
View Real Time Build Order
Export as new Build Order

GrandPanther Protoss - Winner!

Build Orders: Blink Stalkers 

Get SALT Encoding   

  1  0:00  Probe  
  13  0:07  Probe  
  14  0:18  Pylon, Probe  
  15  0:36  Probe  
  15  0:38  Gateway  
  16  0:48  Probe  
  17  0:52  Gateway  
  17  0:57  Probe  
  17  1:01  Assimilator  
  18  1:05  Probe  
  19  1:15  Probe  
  20  1:22  Pylon  
  20  1:27  Cybernetics Core  
  20  1:31  Zealot  
  22  1:49  Gateway  
  22  1:51  Gateway  
  22  1:56  Probe  
  23  2:04  Assimilator  
  23  2:05  Probe  
  24  2:15  Probe  
  24  2:17  Warp Gate  
  25  2:37  Stalker  
  27  2:59  Stalker x2  
  31  3:12  Nexus  
  31  3:18  Twilight Council  
  31  3:26  Pylon  
  31  3:29  Pylon  
  31  3:44  Stalker, Probe  
  31  3:46  Blink  
  35  4:09  Assimilator  
  35  4:14  Assimilator  
  33  4:23  Stalker  
  33  4:24  Stalker x2  
  37  4:28  Probe  
  37  4:31  Probe  
  41  4:39  Stalker  
  43  5:06  Stalker x3  
  49  5:08  Probe  
  49  5:09  Probe  
  51  5:21  Probe x2  
  53  5:33  Probe x2  
  53  5:34  Stalker  
  53  5:35  Stalker  
  59  5:45  Probe x2  
  61  5:51  Pylon  
  61  5:54  Pylon  
  61  5:57  Probe  
  62  6:07  Robotics Facility  
  62  6:09  Probe x2  
Tags
 
Add a new tag
Caveats
  • Supply blocks, unpowered buildings, or Contaminate may cause inaccurate times.
  • Supply counts are checked every 10 seconds.